 Dungeon Crawl Stone Soup version 0.24.0-37-gcf1ca852f1 (webtiles) character file.

Game seed: 17197060777465607641, levelgen mode: deterministic

3149 Goblin1989 the Chiller (level 9, -7/57 HPs)
             Began as a Demonspawn Ice Elementalist on Nov 8, 2019.
             Was a Believer of Vehumet.
             Mangled by a yak (10 damage)
             ... on level 8 of the Dungeon on Dec 2, 2019.
             The game lasted 00:34:45 (14170 turns).

Goblin1989 the Chiller (DsIE)                      Turns: 14170, Time: 00:34:45

Health: -7/57      AC:  7    Str: 10    XL:     9   Next: 62%
Magic:  12/17      EV: 12    Int: 19    God:    Vehumet [**....]
Gold:   286        SH:  4    Dex: 13    Spells: 8/19 levels left

rFire    x . .     SeeInvis +   G - +2 whip (elec)
rCold    + . .     Gourm    .   L - +0 buckler
rNeg     . . .     Faith    .   a - +0 robe
rPois    .         Spirit   .   r - +0 hat
rElec    .         Reflect  .   v - scarf {cloud immunity}
rCorr    .         Harm     .   u - +0 pair of gloves
MR       .....                  (no boots)
Stlth    +++.......             q - amulet of rage
HPRegen  0.19/turn              s - ring of see invisible
MPRegen  0.15/turn              R - ring of ice

@: no status effects
A: antennae 1, iridescent scales 2, demonic guardian 2, nightstalker 1
a: Renounce Religion, Evoke Berserk Rage


You were on level 8 of the Dungeon.
You worshipped Vehumet.
Vehumet was pleased with you.
You were not hungry.

You visited 2 branches of the dungeon, and saw 9 of its levels.
You also visited: Sewer.

You collected 300 gold pieces.
You spent 14 gold pieces at shops.

Inventory:

Hand Weapons
 G - a +2 whip of electrocution (weapon)
 N - a +1 morningstar of crushing
 S - a +0 fustibalus of freezing
 V - a +2 trident of venom
 W - a +2 dagger of flaming
Missiles
 D - 8 poisoned darts (quivered)
 U - 79 stones {@Q3}
Armour
 a - a +0 robe (worn)
 r - a +0 hat (worn)
 u - a +0 pair of gloves (worn)
 v - a scarf of cloud immunity (worn)
 J - a +2 ring mail of fire resistance
 L - a +0 buckler (worn)
Jewellery
 q - an amulet of rage (around neck)
 s - a ring of see invisible (left hand)
 x - an uncursed ring of stealth
 R - a ring of ice (right hand)
Wands
 I - a wand of flame (15) {@v6}
Scrolls
 j - 2 scrolls of magic mapping {unknown}
 l - 4 scrolls of remove curse {unknown}
 m - 9 scrolls of identify {unknown}
 o - 2 scrolls of fog {unknown}
 t - 4 scrolls of teleportation {unknown}
 z - 2 scrolls of amnesia {unknown}
 C - 2 scrolls of enchant weapon {unknown}
 O - 2 scrolls of blinking {unknown}
 T - a scroll of immolation {unknown}
 Z - a scroll of silence {unknown}
Potions
 h - a potion of berserk rage {unknown}
 i - 5 potions of curing {unknown}
 p - a potion of lignification {unknown}
 w - 4 potions of heal wounds {unknown}
 y - 2 potions of mutation {unknown}
 F - a potion of ambrosia {unknown}
 K - 2 potions of invisibility {unknown}
 M - 2 potions of degeneration {unknown}
 P - a potion of might {unknown}
 Q - 3 potions of flight {unknown}
 Y - a potion of brilliance {unknown}
Comestibles
 e - 4 rations


   Skills:
 - Level 1.7 Dodging
 - Level 1.7 Stealth
 + Level 3.2 Shields
 + Level 5.5 Spellcasting
 * Level 7.4 Conjurations
 * Level 3.9 Summonings
 * Level 7.8 Ice Magic


You had 8 spell levels left.
You knew the following spells:

 Your Spells              Type           Power        Failure   Level  Hunger
a - Freeze                Ice            ####         1%          1    None
b - Throw Frost           Conj/Ice       ######       1%          2    None
c - Summon Ice Beast      Ice/Summ       #####...     11%         4    ####...
d - Throw Icicle          Conj/Ice       ######..     5%          4    ####...

Your spell library contained the following spells:

 Spells                   Type           Power        Failure   Level  Hunger
 Magic Dart               Conj           ####         1%          1    None
 Summon Small Mammal      Summ           ###.         2%          1    None
 Call Imp                 Summ           ###.....     3%          2    None
 Call Canine Familiar     Summ           ###.....     8%          3    ##.....
 Ozocubu's Armour         Chrm/Ice       ####....     8%          3    ##.....
 Summon Guardian Golem    Hex/Summ       ##......     17%         3    ##.....
 Summon Lightning Spire   Summ/Air       ##......     50%         4    ####...


Dungeon Overview and Level Annotations

Branches:
Dungeon (8/15)             Temple (1/1) D:4           Sewer (visited)
   Lair: D:8-11

Altars:
Ashenzari
Cheibriados
Dithmenos
Hepliaklqana
Kikubaaqudgha
Makhleb
Trog
Uskayaw
Vehumet
Zin
The Shining One

Shops:
D:4 *

Annotations:
D:2 exclusion: door
D:4 Menkaure


Innate Abilities, Weirdness & Mutations

You have a pair of small antennae on your head.
You are mostly covered in iridescent scales. (AC +4)
A demonic guardian rushes to your aid.
You are slightly more attuned to the shadows.


Message History

Your sixfirhy shocks the phantom!
The phantom barely misses your sixfirhy.
You hear a bellow! x2
You now have 9/17 mp.
The yak gores you.
You take 3 damage, and have 54/57 hp.
You closely miss the yak. The yak gores you but does no damage.
You hit the yak but do no damage. The yak gores you.
You take 1 damage, and have 53/57 hp.
You hit the yak but do no damage. Lightning courses through the yak!
The yak is heavily wounded.
The yak gores you but does no damage.
You hit the yak but do no damage.
The yak is heavily wounded.
The yak gores you.
You take 6 damage, and have 47/57 hp.
You hit the yak. Lightning courses through the yak!
The yak is severely wounded.
You block the yak's attack.
Something closely misses your ice beast.
The yak gores your sixfirhy. The yak closely misses you.
You hit the yak.
The yak is almost dead.
Something hits your ice beast but does no damage.
The yak gores your sixfirhy!
A yak comes into view.
The yak closely misses you.
You closely miss the yak.
The yak is almost dead.
Something hits your ice beast.
The yak completely misses your sixfirhy.
The yak closely misses your sixfirhy.
You hit the yak but do no damage.
Your sixfirhy hits the yak but does no damage.
Your sixfirhy hits the yak!
Your sixfirhy shocks the yak!
Your sixfirhy hits the yak.
Your sixfirhy shocks the yak!
Your sixfirhy hits the yak!
The yak dies!
Vehumet accepts your kill.
You hit the yak.
The yak is lightly wounded.
The yak gores you.
You take 1 damage, and have 47/57 hp.
You hit the yak.
The yak is moderately wounded.
Your sixfirhy disappears in a puff of smoke!
The yak gores you but does no damage.
Your ice beast closely misses the phantom.
The yak gores you!
You take 8 damage, and have 39/57 hp.
You hit the yak.
The yak is moderately wounded.
The phantom hits your ice beast but does no damage.
Your ice beast barely misses the phantom.
The yak closely misses you.
You hit the yak. Lightning courses through the yak!
The yak is severely wounded.
The phantom blinks!
You block the yak's attack.
You hit the yak.
The yak is severely wounded.
The yak gores you!
You take 12 damage, and have 28/57 hp.
MASSIVE DAMAGE!!
You are too injured to fight recklessly!
You are too injured to fight recklessly!
You are too injured to fight recklessly!
You are too injured to fight recklessly!
You are too injured to fight recklessly!
You are too injured to fight recklessly!
You are too injured to fight recklessly!
You are too injured to fight recklessly!
You are too injured to fight recklessly!
You are too injured to fight recklessly!
You are too injured to fight recklessly!
You are too injured to fight recklessly!
You are too injured to fight recklessly!
You are too injured to fight recklessly!
You are too injured to fight recklessly!
You are too injured to fight recklessly!
You are too injured to fight recklessly!
You are too injured to fight recklessly!
Unknown command.
You are too injured to fight recklessly!
Unknown command.
You hit the yak.
The yak is almost dead.
The yak gores you!
* * * LOW HITPOINT WARNING * * *
You take 12 damage, and have 16/57 hp.
MASSIVE DAMAGE!!
You hit the yak.
The yak is almost dead.
The yak gores you but does no damage.
You barely miss the yak.
The yak is almost dead.
The yak gores you!
* * * LOW HITPOINT WARNING * * *
You take 14 damage, and have 2/57 hp.
MASSIVE DAMAGE!!
You completely miss the yak.
The yak is almost dead.
The yak gores you!
You die...

█.█ █. █.█ .█ █.
█.█████████.██ █≈ █.
█.██..........
█..█.██....W.......
▲≈..†.....3......█
█Y.........█.████
█Y██....<........ █≈
█@██.█.███..███.
█.████Y██.█...........
█...{█Y██.██..........
Y█....YY██.██.██...>...
YY..Z..W██.██.██.████.█
........<..██.██.█ █
..§...<█▲████.██.█
.......█ █.█ .█
.......█ .█.


You could see 4 yaks, a phantom and 2 friendly ice beasts.

Vanquished Creatures
  Edmund (D:5)
  4 slaves
  An orc warrior (D:7)
  A sky beast (D:7)
  2 phantoms
  An ogre (D:7)
  4 centaurs
  A big kobold (Sewer)
  4 bullfrogs
  3 scorpions
  3 crimson imps
  2 hounds
  2 jellies
  4 orc priests
  A bullfrog skeleton (D:6)
  5 orc wizards
  An iguana (D:6)
  Ijyb (D:4)
  Natasha (thrice) (D:3)
  7 worker ants
  A hound zombie (D:6)
  A howler monkey skeleton (D:7)
  11 adders
  A gnoll (D:6)
  5 river rats
  An ooze (D:2)
  An adder zombie (D:5)
  An adder skeleton (D:6)
  A worm (D:2)
  2 dart slugs
  4 leopard geckos
  23 orcs
  3 ball pythons
  5 bats
  6 giant cockroaches
  8 goblins
  5 hobgoblins
  15 jackals
  2 quokkas
  7 frilled lizards
  6 kobolds
  A leopard gecko skeleton (D:4)
  2 quokka skeletons (D:6)
  A quokka zombie (D:7)
  11 rats
  A bush (D:2)
176 creatures vanquished.

Vanquished Creatures (collateral kills)
  Pikel (D:4)
  A yak (D:8)
  An orc warrior (D:6)
  A black bear (D:6)
  A phantom (D:4)
  2 ogres
  A crimson imp (D:6)
  An orc priest (D:4)
  An orc wizard (D:4)
  An adder (D:2)
  A shadow imp (D:6)
  A leopard gecko (D:4)
  3 orcs
  A giant cockroach (D:4)
  3 jackals
  3 kobolds (Sewer)
23 creatures vanquished.

Grand Total: 199 creatures vanquished

Notes
Turn   | Place    | Note
-------+----------+-------------------------------------------
     0 | D:1      | Goblin1989 the Demonspawn Ice Elementalist began the quest
                  | for the Orb.
     0 | D:1      | Reached XP level 1. HP: 13/13 MP: 3/3
   470 | D:1      | Gained mutation: A weak demonic guardian rushes to your
                  | aid. [demonic ancestry]
   470 | D:1      | Reached XP level 2. HP: 19/19 MP: 5/5
  1726 | D:2      | Gained mutation: You are partially covered in iridescent
                  | scales. (AC +2) [demonic ancestry]
  1726 | D:2      | Reached XP level 3. HP: 17/24 MP: 0/6
  1953 | D:2      | Upgraded the game from 0.24.0-13-gcf9b3192b9 to
                  | 0.24.0-28-g17ded55e90
  1953 | D:2      | Upgraded the game from 0.24.0-28-g17ded55e90 to
                  | 0.24.0-29-g8ce449bc06
  2100 | D:2      | Learned a level 2 spell: Throw Frost
  2206 | D:2      | Gained mutation: You have a pair of small antennae on your
                  | head. [demonic ancestry]
  2206 | D:2      | Reached XP level 4. HP: 28/30 MP: 3/8
  3191 | D:2      | Reached XP level 5. HP: 29/35 MP: 1/9
  4310 | D:3      | You fall into a shaft and drop 1 floor!
  4310 | D:4      | Noticed Pikel
  4310 | D:4      | Noticed a slave
  4310 | D:4      | Noticed a slave
  4310 | D:4      | Noticed a slave
  4311 | D:4      | Noticed a slave
  5577 | D:3      | Noticed Natasha
  5581 | D:3      | Killed Natasha
  5686 | D:3      | Noticed Natasha
  5690 | D:3      | Killed Natasha
  5792 | D:3      | Learned a level 4 spell: Summon Ice Beast
  5830 | D:3      | Killed a slave
  5852 | D:3      | Noticed Natasha
  5859 | D:3      | Killed Natasha
  5859 | D:3      | Gained mutation: You are slightly more attuned to the
                  | shadows. [demonic ancestry]
  5859 | D:3      | Reached XP level 6. HP: 14/41 MP: 4/11
  6253 | D:3      | Killed a slave
  6302 | D:3      | Killed a slave
  6400 | D:4      | Killed a slave
  6515 | D:3      | Reached skill level 5 in Ice Magic
  7041 | D:4      | Noticed Menkaure
  7070 | D:4      | HP: 2/41 [orc/+0 flail (7)]
  7430 | D:4      | Found a staircase to the Ecumenical Temple.
  7459 | D:4      | Killed Pikel
  7459 | D:4      | Reached XP level 7. HP: 8/46 MP: 7/13
  7726 | Temple   | Entered the Ecumenical Temple
  7736 | Temple   | Goblin1989: !rng v s
  7736 | Temple   | meem: The RNG chooses: v.
  7736 | Temple   | Became a worshipper of Vehumet
  7800 | D:4      | Noticed Ijyb
  7808 | D:4      | Killed Ijyb
  7904 | D:4      | Found a burning altar of Makhleb.
  8042 | D:4      | Reached skill level 5 in Conjurations
  8157 | D:4      | Found Nimukir's Needful Niceties.
  8165 | D:4      | Bought a scroll of noise for 14 gold pieces
  8215 | D:5      | Entered Level 5 of the Dungeon
  8536 | D:5      | Learned a level 4 spell: Throw Icicle
  8557 | D:5      | Reached skill level 1 in Shields
  8557 | D:5      | Gained mutation: You are mostly covered in iridescent
                  | scales. (AC +4) [demonic ancestry]
  8557 | D:5      | Reached XP level 8. HP: 43/52 MP: 7/14
  8726 | D:5      | Found a glowing drain.
  8732 | Sewer    | Entered a sewer
  8942 | Sewer    | Reached * piety under Vehumet
  8942 | Sewer    | Offered knowledge of Sting by Vehumet.
  8990 | Sewer    | Found a white marble altar of Elyvilon.
  9383 | D:5      | Noticed Edmund
  9396 | D:5      | Killed Edmund
  9865 | D:5      | Upgraded the game from 0.24.0-29-g8ce449bc06 to
                  | 0.24.0-35-gdb84b6a5db
 10340 | D:6      | Reached skill level 1 in Summonings
 10365 | D:6      | Reached skill level 5 in Spellcasting
 10385 | D:6      | Offered knowledge of Magic Dart by Vehumet.
 10399 | D:6      | Reached ** piety under Vehumet
 10399 | D:6      | Gained mutation: A demonic guardian rushes to your aid.
                  | [demonic ancestry]
 10399 | D:6      | Reached XP level 9. HP: 22/57 MP: 5/16
 12262 | D:7      | Upgraded the game from 0.24.0-35-gdb84b6a5db to
                  | 0.24.0-37-gcf1ca852f1
 12304 | D:7      | Found a hide-covered altar of Uskayaw.
 14169 | D:8      | HP: 2/57 [yak (14)]
 14170 | D:8      | Mangled by a yak

Levels and vault maps discovered:
D:1:      sevenhm_arrival_forest_fort_large_4, layout_basic,
          minmay_misc_feat_square, grunt_decor_one_mirror
D:2:      layout_basic, serial_forest, infiniplex_forest_lined_ring,
          infiniplex_forest_zigzag_2, infiniplex_forest_zigzag_2,
          infiniplex_forest_clump_small, infiniplex_forest_lined_room_2,
          infiniplex_forest_clump_medium, infiniplex_forest_clump_C,
          infiniplex_forest_lined_corner, infiniplex_forest_clump_curved,
          infiniplex_forest_end_2, first_ration, kennysheep_cross_bottleneck,
          minmay_divided_ellipse
D:3:      layout_loops_corners, hangedman_decor_diamond_cutter, uniq_natasha
D:4:      layout_gridville, temple_fountains, nicolae_alphabet_shops,
          grunt_ministairs_6, bloody_makhleb, uniq_menkaure, uniq_pikel,
          uniq_ijyb
D:5:      minmay_spotlight, layout_cave_pods, portal_sewer_entry_e,
          kennysheep_generic_room_8, uniq_edmund
D:6:      minmay_clustersquares, layout_basic
D:7:      kb_forest_paths, layout_layer_cave, basic_altar
D:8:      layout_loops_ring, kennysheep_mini, erik_lair_island, basic_altar,
          hangedman_little_slice_of_home, chequers_serial_rivers_small_3,
          hangedman_misty_isle
Temple:   nicolae_temple_x_marks_the_god

Skill      XL: |  1  2  3  4  5  6  7  8  9 |
---------------+----------------------------+-----
Ice Magic      | 3 4 5 6 7 |  7.8
Spellcasting   | 3 4 5 |  5.5
Conjurations   | 2 3 4 5 6 7 |  7.4
Shields        | 1 2 3 |  3.2
Summonings     | 2 3 |  3.9
Dodging        | |  1.7
Stealth        | |  1.7

Action                   |  1- 3 |  4- 6 |  7- 9 || total
-------------------------+-------+-------+-------++-------
Melee: Dagger            |    26 |   791 |       ||   817
       Rapier            |       |    24 |       ||    24
       Whip              |       |       |   137 ||   137
 Cast: Freeze            |    41 |   132 |   213 ||   386
       Throw Frost       |     1 |     6 |       ||     7
       Throw Icicle      |       |       |     1 ||     1
       Summon Ice Beast  |       |       |     8 ||     8
Evoke: Wand              |       |       |     3 ||     3
 Stab: Sleeping          |     7 |     2 |     5 ||    14
       Distracted        |       |       |     1 ||     1
  Eat: Chunk             |     4 |     4 |    17 ||    25
       Ration            |       |     4 |     2 ||     6
Armor: Robe              |    15 |    37 |    64 ||   116
Dodge: Dodged            |    40 |   117 |   156 ||   313
Block: Buckler           |       |       |    62 ||    62

Levels and vault maps discovered:
D:1:      sevenhm_arrival_forest_fort_large_4, layout_basic,
          minmay_misc_feat_square, grunt_decor_one_mirror
D:2:      layout_basic, serial_forest, infiniplex_forest_lined_ring,
          infiniplex_forest_zigzag_2, infiniplex_forest_zigzag_2,
          infiniplex_forest_clump_small, infiniplex_forest_lined_room_2,
          infiniplex_forest_clump_medium, infiniplex_forest_clump_C,
          infiniplex_forest_lined_corner, infiniplex_forest_clump_curved,
          infiniplex_forest_end_2, first_ration, kennysheep_cross_bottleneck,
          minmay_divided_ellipse
D:3:      layout_loops_corners, hangedman_decor_diamond_cutter, uniq_natasha
D:4:      layout_gridville, temple_fountains, nicolae_alphabet_shops,
          grunt_ministairs_6, bloody_makhleb, uniq_menkaure, uniq_pikel,
          uniq_ijyb
D:5:      minmay_spotlight, layout_cave_pods, portal_sewer_entry_e,
          kennysheep_generic_room_8, uniq_edmund
D:6:      minmay_clustersquares, layout_basic
D:7:      kb_forest_paths, layout_layer_cave, basic_altar
D:8:      layout_loops_ring, kennysheep_mini, erik_lair_island, basic_altar,
          hangedman_little_slice_of_home, chequers_serial_rivers_small_3,
          hangedman_misty_isle
Temple:   nicolae_temple_x_marks_the_god
